 Dungeon Crawl Stone Soup version 0.18-a0-965-g9200175 (webtiles) character file.

152 root the Shield-Bearer (level 5, -1/42 HPs)
             Began as a Formicid Fighter on Jan 1, 2016.
             Was a Believer of Nemelex Xobeh.
             Killed by nerve-wracking pain
             ... invoked by Grinder
              (6 damage)
             ... on level 5 of the Dungeon.
             The game lasted 00:09:16 (3563 turns).

root the Shield-Bearer (Formicid Fighter)           Turns: 3563, Time: 00:09:16

Health: -1/42      AC:  7    Str: 20    XL:     5   Next: 60%
Magic:  5/5        EV:  8    Int:  8    God:    Nemelex Xobeh [**....]
Gold:   113        SH:  9    Dex: 11    Spells: 0 memorised, 4 levels left

rFire  . . .     SeeInvis +     a - +0 long sword
rCold  . . .     Gourm    .     b - +0 scale mail
rNeg   . . .     Faith    .     c - +0 shield
rPois  .         Spirit   .     (helmet unavailable)
rElec  .         Dismiss  .     (no cloak)
rCorr  .         Reflect  .     (no gloves)
SustAt .         Harm     .     (no boots)
MR     .....                    (no amulet)
Stlth  +.........               (no ring)
                                (no ring)

@: not resistant to hostile enchantments, very unstealthy
A: permanent stasis, dig shafts and tunnels, four strong arms, antennae 3
a: Dig, Shaft Self, Renounce Religion


You were on level 5 of the Dungeon.
You worshipped Nemelex Xobeh.
Nemelex Xobeh was pleased with you.
You were not hungry.

You visited 1 branch of the dungeon, and saw 5 of its levels.

You collected 113 gold pieces.

Inventory:

Hand Weapons
 a - a +0 long sword (weapon)
Armour
 b - a +0 scale mail (worn)
 c - a +0 shield (worn)
Scrolls
 e - 2 scrolls of identify {unknown}
 g - 3 scrolls of teleportation {unknown}
 k - a scroll of immolation {unknown}
 m - a scroll of remove curse {unknown}
 n - a scroll of amnesia {unknown}
 w - a scroll of magic mapping {unknown}
Potions
 d - 2 potions of might
 h - a potion of invisibility {unknown}
 i - 2 potions of flight {unknown}
 j - 2 potions of agility {unknown}
 l - a potion of poison {unknown}
 q - 2 potions of curing {unknown}
 r - a potion of degeneration {unknown}
 u - 3 potions of heal wounds {unknown}
 x - a potion of brilliance {unknown}
Books
 y - Sif Muna's Volume of Changing
   (You found it on level 4 of the Dungeon)

   Spells                             Type                      Level
   a - Beastly Appendage              Transmutation                1
 A - Kikubaaqudgha's Catalogue of Sinister Magic
   (You found it on level 4 of the Dungeon)

   Spells                             Type                      Level
   a - Animate Skeleton               Necromancy                   1
 B - Vehumet's Catalogue of Battle Magic
   (You found it on level 4 of the Dungeon)

   Spells                             Type                      Level
   a - Magic Dart                     Conjuration                  1
Miscellaneous
 o - a plain deck of war {drawn: 2}
 p - a plain deck of war
 s - a plain deck of destruction
Comestibles
 f - 2 bread rations
 t - 2 meat rations
 v - a beef jerky


   Skills:
 + Level 4.1 Fighting
 * Level 2.8 Long Blades
 + Level 4.2 Armour
 * Level 2.3 Stealth
 + Level 4.3 Shields
 * Level 0.9 Evocations


You had 4 spell levels left.
You didn't know any spells.

Dungeon Overview and Level Annotations

Branches:
Dungeon (5/15)             Temple (0/1) D:5

Altars:
Kikubaaqudgha
Nemelex Xobeh
Sif Muna
Vehumet

Annotations:
D:3 Protee's ghost, novice TeCj
D:5 Grinder


Innate Abilities, Weirdness & Mutations

You are under a permanent stasis effect.
You can dig through walls and to a lower floor.
Your four strong arms can wield two-handed weapons with a shield.
You have a pair of large antennae on your head (SInv).


Message History

Grinder is heavily wounded.
Your hand axe of Distant Worlds {antimagic, +Inv rN++ MR+++ Str-3} hits Grinder.
Grinder's magic leaks into the air.
Grinder falters for a moment.
A crimson imp comes into view.
The crimson imp shouts!
You hit Grinder but do no damage.
Grinder is heavily wounded.
Your hand axe of Distant Worlds {antimagic, +Inv rN++ MR+++ Str-3} hits Grinder but does no damage.
You block Grinder's attack.
You hit Grinder.
Grinder is heavily wounded.
Your hand axe of Distant Worlds {antimagic, +Inv rN++ MR+++ Str-3} hits Grinder.
Grinder's magic leaks into the air.
Grinder hits your hand axe of Distant Worlds {antimagic, +Inv rN++ MR+++ Str-3}.
You barely miss Grinder.
Grinder is heavily wounded.
Grinder gestures at you. Pain shoots through your body!
You die...
Your body disappears without a glow.

# # )# #? ..#
#!######...#
#...#oO....#
####..#5#
##.5...@(#
.....%..###
...####...#######
...###......#...##
#..≈§≈..........##
#.≈≈§≈≈..........#
#§≈≈≈≈≈§.........#
#§§≈>§§≈.........#
#§§≈§≈§≈........##


You could see Grinder, an ogre, a crimson imp, an orc and a friendly hand axe of
Distant Worlds {antimagic, +Inv rN++ MR+++ Str-3}.

Vanquished Creatures
  An orc priest (D:5)
  A worker ant (D:4)
  Ijyb (D:2)
  An adder (D:2)
  An ooze (D:1)
  A worm (D:4)
  2 giant geckos
  4 orcs
  5 giant cockroaches
  3 goblins (D:2)
  5 hobgoblins
  6 jackals
  7 bats
  A giant cockroach zombie (D:4)
  2 giant newts (D:1)
  A jackal skeleton (D:4)
  6 kobolds (D:1)
  4 rats
52 creatures vanquished.

Vanquished Creatures (collateral kills)
  A jackal (D:2)
1 creature vanquished.

Grand Total: 53 creatures vanquished

Notes
Turn   | Place    | Note
--------------------------------------------------------------
     0 | D:1      | root the Formicid Fighter began the quest for the Orb.
     0 | D:1      | Reached XP level 1. HP: 18/18 MP: 1/1
    69 | D:1      | Reached XP level 2. HP: 21/24 MP: 2/2
   397 | D:1      | Reached skill level 1 in Stealth
   599 | D:1      | Reached XP level 3. HP: 28/30 MP: 3/3
   943 | D:2      | Found a faded altar to an unknown god.
   951 | D:2      | Became a worshipper of Nemelex Xobeh the Trickster
   951 | D:2      | Received a gift from Nemelex Xobeh
   951 | D:2      | Reached * piety under Nemelex Xobeh
   951 | D:2      | Received a gift from Nemelex Xobeh
  1127 | D:2      | HP: 1/30 [jackal (2)]
  1656 | D:2      | Reached XP level 4. HP: 37/37 MP: 4/4
  1773 | D:2      | Noticed Ijyb
  1787 | D:2      | Killed Ijyb
  1787 | D:2      | Reached skill level 4 in Shields
  2000 | D:3      | Noticed Protee's ghost (novice TeCj)
  2445 | D:4      | Reached ** piety under Nemelex Xobeh
  2445 | D:4      | Received a gift from Nemelex Xobeh
  2748 | D:4      | Reached XP level 5. HP: 31/42 MP: 5/5
  2885 | D:4      | Found a deep blue altar of Sif Muna.
  2897 | D:4      | Found a radiant altar of Vehumet.
  2897 | D:4      | Found an ancient bone altar of Kikubaaqudgha.
  2902 | D:4      | Identified Sif Muna's Volume of Changing
  2909 | D:4      | Identified Kikubaaqudgha's Catalogue of Sinister Magic
  2918 | D:4      | Identified Vehumet's Catalogue of Battle Magic
  3141 | D:5      | Entered Level 5 of the Dungeon
  3528 | D:5      | Found a staircase to the Ecumenical Temple.
  3553 | D:5      | Noticed Grinder
  3558 | D:5      | Noticed an ogre
  3563 | D:5      | Killed from afar by Grinder

Vault maps used:
D:1:      sevenhm_arrival_forest_fort_small_6
D:2:      ecumenical_altar_2, minmay_gold_behind_fungi, uniq_iyjb
D:3:      grunt_temple_overflow_gold_and_silver,
          gammafunk_temple_overflow_statue, lemuel_round_altar,
          grunt_ministairs_10, minmay_goblin_kobold_house, uniq_robin
D:4:      grunt_temple_overflow_magic_moments, first_bread
D:5:      minmay_temple_entry_mist, st_stairs_14, uniq_grinder, uniq_edmund

Action                   |  1- 3 |  4- 6 || total
-------------------------+-------+-------++-------
Melee: Long sword        |   126 |   110 ||   236
Evoke: Deck              |     1 |     1 ||     2
  Eat: Chunk             |     3 |     6 ||     9
